 Dungeon Crawl Stone Soup version 0.27-a0-1046-g98bf31544f (webtiles) character file.

Game seed: 930340443996983906

273 Lemonice the Magician (level 6, 0/45 HPs)
             Began as a Djinni Fire Elementalist on Apr 19, 2021.
             Slain by a black bear (1 damage)
             ... on level 4 of the Dungeon.
             The game lasted 00:06:20 (3342 turns).

Lemonice the Magician (Djinni Fire Elementalist)    Turns: 3342, Time: 00:06:20

Health: 0/45       AC:  3    Str:  9    XL:     6   Next: 23%
Gold:   102        EV: 13    Int: 17    God:
                   SH:  0    Dex: 13

rFire    + + .     SeeInvis .   n - +0 quarterstaff
rCold    x . .     Faith    .   (shield currently unavailable)
rNeg     . . .     Spirit   .   a - +0 robe
rPois    ∞         Reflect  .   k - +0 helmet
rElec    .         Harm     .   (no cloak)
rCorr    .         Rampage  .   (no gloves)
Will     .....                  (boots unavailable)
Stlth    ++........             (no amulet)
HPRegen  0.15/turn              (no ring)
MPRegen  0.00/turn              (no ring)

@: attractive, flying
A: fire resistance 2, cold vulnerability 1, float, innate caster, hp casting,
extra vitality 1
a: no special abilities


You were on level 4 of the Dungeon.
You visited 1 branch of the dungeon, and saw 4 of its levels.

You collected 102 gold pieces.

Inventory:

Hand Weapons
 j - a +2 vampiric short sword
 n - a +0 quarterstaff (weapon)
Missiles
 i - 153 stones
Armour
 a - a +0 robe (worn)
 k - a +0 helmet (worn)
Jewellery
 c - an amulet of the acrobat
 f - a ring of willpower
 r - a ring of flight
Scrolls
 b - 2 scrolls of enchant armour {unknown}
 g - 4 scrolls of identify {unknown}
 h - a scroll of teleportation {unknown}
 l - a scroll of torment {unknown}
 o - a scroll of acquirement {unknown}
 p - a scroll of blinking {unknown}
 q - a scroll of enchant weapon {unknown}
Potions
 d - a potion of brilliance {unknown}
 e - a potion of attraction
 m - 2 potions of curing {unknown}


   Skills:
 + Level 2.4 Fighting
 + Level 3.6 Dodging
 - Level 1.7 Stealth
 * Level 4.6 Spellcasting


You couldn't memorise any spells.
You knew the following spells:

 Your Spells              Type           Power      Damage    Failure   Level
a - Foxfire               Conj/Fire      76%        2x1d7     2%          1
b - Conjure Flame         Conj/Fire      19%        6-21      6%          3
c - Inner Flame           Hex/Fire       19%        N/A       6%          3
d - Sticky Flame          Conj/Fire      19%        2d4       22%         4
e - Fireball              Conj/Fire      9%         3d6       52%         5
f - Sandblast             Erth           38%        2d10      2%          1
g - Poisonous Vapours     Pois/Air       38%        N/A       3%          2
Your spell library was empty.

Dungeon Overview and Level Annotations

Branches:
Dungeon (4/15)
 Temple: D:4-7

Altars:
Gozag
Uskayaw


Innate Abilities, Weirdness & Mutations

You are immune to poison.
Your flesh is very heat resistant. (rF++)
You are vulnerable to cold. (rC-)
You float through the air rather than walking.
You learn spells naturally, not from books.
Your magical power is your life essence.
You have superior vitality. (+4 HP)


Message History

Confirm with . or Enter, or press ? or * to list all spells.
Aiming: Inner Flame (dangerous; 7% risk of failure)
Press: ? - help, Shift-Dir - straight line, f - quokka, p - iguana
Aim: a quokka (chance to affect: 87%)
The jackal is filled with an inner flame.
The jackal bites you. The iguana bites you!
The jackal bites you but does no damage.
Casting: Inner Flame (dangerous; 7% risk of failure)
Confirm with . or Enter, or press ? or * to list all spells.
Aiming: Sandblast (safe; 2% risk of failure)
Press: ? - help, Shift-Dir - straight line, f - jackal, p - quokka
Aim: a jackal (inner flame, 74% to hit)
The blast of sand hits the jackal!
i - 153 stones The jackal explodes!
The fiery explosion engulfs the quokka!!
You kill the quokka!
The fiery explosion engulfs you! You resist.
* * * LOW HITPOINT WARNING * * *
You are engulfed in blazing flames.
You resist.
* * * LOW HITPOINT WARNING * * *
You kill the iguana!
You are engulfed in blazing flames.
You resist.
* * * LOW HITPOINT WARNING * * *
The black bear barely misses you. The black bear completely misses you.
The black bear claws you but does no damage.
You see here 17 gold pieces.
The black bear bites you.
* * * LOW HITPOINT WARNING * * *
The black bear claws you.
* * * LOW HITPOINT WARNING * * *
The black bear claws you.
* * * LOW HITPOINT WARNING * * *
Your magical contamination has completely faded away.
Found 13 sling bullets.
You see here a quokka corpse.
It was a potion of attraction.
You feel attractive to monsters. The black bear barely misses you.
The black bear claws you.
You die...

##.......
##.......#
#.........
#...O.....
#.........
#.........
########.........
#..@§§O..........
#..#h####.<.......
#....h........[....
#.#..#..#..#..#....
#..#$.#..#..#.)....
#...# .#..#. #.....
#.#. # .#..#. #....
# .# #..#.(# ...#
.. ..#


You could see a black bear, an ogre and a jackal.

Vanquished Creatures
  Sigmund (D:2)
  An iguana (D:4)
  Robin (D:2)
  An adder (D:3)
  A worm (D:2)
  2 dart slugs (D:1)
  2 orcs (D:3)
  4 bats
  3 endoplasms
  2 giant cockroaches
  16 goblins
  4 hobgoblins
  4 jackals
  3 quokkas
  4 ball pythons
  A frilled lizard (D:1)
  4 kobolds
  4 rats
58 creatures vanquished.

Vanquished Creatures (others)
  152 foxfires
152 creatures vanquished.

Grand Total: 210 creatures vanquished

Notes
Turn   | Place    | Note
-------+----------+-------------------------------------------
     0 | D:1      | Lemonice the Djinni Fire Elementalist began the quest for
                  | the Orb.
     0 | D:1      | Reached XP level 1. HP: 15/15 MP: 0/0
   295 | D:1      | Reached skill level 3 in Spellcasting
   303 | D:1      | Reached XP level 2. HP: 7/21 MP: 0/0
  1105 | D:1      | Found a faded altar of an unknown god.
  1192 | D:1      | Reached XP level 3. HP: 21/25 MP: 0/0
  1192 | D:1      | Learned a level 1 spell: Sandblast
  1658 | D:2      | Noticed Robin
  1666 | D:2      | Killed Robin
  1667 | D:2      | Reached skill level 1 in Fighting
  1667 | D:2      | Reached XP level 4. HP: 10/32 MP: 0/0
  1938 | D:2      | Noticed Sigmund
  1945 | D:2      | Killed Sigmund
  1946 | D:2      | Reached skill level 4 in Spellcasting
  1946 | D:2      | Reached XP level 5. HP: 30/38 MP: 0/0
  1946 | D:2      | Learned a level 2 spell: Poisonous Vapours
  2580 | D:3      | Reached XP level 6. HP: 41/43 MP: 0/0
  2676 | D:3      | Found an opulent altar of Gozag.
  2678 | D:3      | Found a hide-covered altar of Uskayaw.
  3336 | D:4      | Noticed a black bear
  3341 | D:4      | HP: 1/45 [black bear (2)]
  3342 | D:4      | Slain by a black bear

Illustrated notes

Levels and vault maps discovered:
D:1:      nzn_arrival_water_spiral, layout_basic,
          shapermc_ecumenical_altar_mp_vishouse, corner_web_ring,
          minmay_split_cup_large
D:2:      layout_basic, uniq_sigmund, uniq_robin
D:3:      layout_loops_ring, nicolae_overflow_hidden_temple,
          minmay_misc_feat_alley, patterned_corridor
D:4:      layout_rooms, enter_ossuary_2, minmay_misc_feat_diagonals

Skill      XL: |  1  2  3  4 |
---------------+-------------+-----
Spellcasting   | 3 4 |  4.6
Fighting       | 1 2 |  2.4
Dodging        | 3 |  3.6
Stealth        | |  1.7

Action                   |  1- 3 |  4- 6 || total
-------------------------+-------+-------++-------
Melee: Unarmed           |     1 |       ||     1
       Quarterstaff      |       |     2 ||     2
 Cast: Foxfire           |    59 |    34 ||    93
       Sandblast         |     1 |     6 ||     7
       Inner Flame       |       |     1 ||     1
       Poisonous Vapours |       |     1 ||     1
  Use: Potion            |       |     1 ||     1
 Stab: Sleeping          |       |     1 ||     1
Armor: Robe              |     1 |     3 ||     4
Dodge: Dodged            |    15 |    11 ||    26

Table legend: (Time is in decaauts)
 A = Elapsed time spent in this place.
 B = Non-inter-level travel time spent in this place.
 C = Inter-level travel time spent in this place.
 D = Time resting spent in this place.
 E = Time spent auto-exploring this place.
 F = Levels seen in this place.
 G = Mean time per level.
                   A        B        C        D        E       F      G
               +--------+--------+--------+--------+--------+-----+--------+
         Total |   3341 |   3301 |     40 |    328 |   2607 |   4 |  835.2 |
       Dungeon |   3341 |   3301 |     40 |    328 |   2607 |   4 |  835.2 |
               +--------+--------+--------+--------+--------+-----+--------+

Top non-repeatable levels by time:
     D:1: 1609 daAuts
     D:2: 920 daAuts
     D:3: 794 daAuts
     D:4: 16 daAuts
